 Dungeon Crawl Stone Soup version 0.21.1-1-g345015f (webtiles) character file.

98 Mirai the Conjurer (level 4, -10/35 HPs)
             Began as a Draconian Conjurer on Mar 13, 2018.
             Killed from afar by an orc wizard (11 damage)
             ... with a puff of flame
             ... on level 2 of the Dungeon.
             The game lasted 00:05:11 (2340 turns).

Mirai the Conjurer (Draconian Conjurer)             Turns: 2340, Time: 00:05:13

Health: -10/35     AC:  6    Str: 10    XL:     4   Next: 43%
Magic:  0/7        EV: 12    Int: 16    God:
Gold:   113        SH:  6    Dex: 12    Spells: 1/8 levels left

rFire    . . .     SeeInvis .   e - +0 short sword
rCold    . . .     Gourm    .   (no shield)
rNeg     . . .     Faith    .   (armour unavailable)
rPois    .         Spirit   .   (helmet restricted)
rElec    .         Reflect  +   (no cloak)
rCorr    .         Harm     .   d - +0 pair of gloves
MR       .....                  (no boots)
Stlth    ++........             g - +6 amulet of reflection
HPRegen  0.11/turn              (no ring)
MPRegen  0.10/turn              (no ring)

@: no status effects
A: unfitting armour, cold-blooded, AC +5
a: no special abilities


You were on level 2 of the Dungeon.
You were not hungry.

You visited 1 branch of the dungeon, and saw 3 of its levels.

You collected 113 gold pieces.

Inventory:

Hand Weapons
 e - a +0 short sword (weapon)
 h - a +0 short sword
 k - a +3 whip
Armour
 d - a +0 pair of gloves (worn)
Jewellery
 g - a +6 amulet of reflection (around neck)
 n - an uncursed amulet of faith
Scrolls
 i - 4 scrolls of identify {unknown}
 j - a scroll of fog {unknown}
 l - a scroll of immolation {unknown}
Potions
 c - 2 potions of brilliance {unknown}
 f - a potion of magic {unknown}
 m - 2 potions of curing {unknown}
 o - a potion of might {unknown}
 q - a potion of experience {unknown}
Books
 a - a book of Conjurations

   Spells                             Type                      Level
   a - Magic Dart                     Conjuration                  1
   b - Searing Ray                    Conjuration                  2
   c - Dazzling Spray                 Conjuration/Hexes            3
   d - Fulminant Prism                Conjuration/Hexes            4
   e - Force Lance                    Conjuration/Translocation    4
   f - Iskenderun's Mystic Blast      Conjuration                  4
Comestibles
 b - 8 rations
 p - 3 chunks of flesh


   Skills:
 + Level 1.0 Fighting
 + Level 1.4 Short Blades
 + Level 2.4 Dodging
 + Level 2.0 Stealth
 + Level 2.5 Spellcasting
 + Level 4.6 Conjurations


You had one spell level left.
You knew the following spells:

 Your Spells              Type           Power        Failure   Level  Hunger
a - Magic Dart            Conj           ###.         3%          1    #......
b - Searing Ray           Conj           ###...       4%          2    ##.....
c - Iskenderun's Mystic   Conj           ###.....     28%         4    #####..


Dungeon Overview and Level Annotations

Branches:
Dungeon (3/15)

Altars:
Dithmenos
Nemelex Xobeh

Annotations:
D:2 Sigmund


Innate Abilities, Weirdness & Mutations

Your plain brown scales are hard. (AC +5)
You cannot fit into any form of body armour.
You are cold-blooded and may be slowed by cold attacks.


Message History

The orc wizard casts a cantrip, but nothing happens.
Casting: Searing Ray
Confirm with . or Enter, or press ? or * to list all spells.
You don't have enough magic to cast that spell.
Unknown command.
Casting: Searing Ray
Confirm with . or Enter, or press ? or * to list all spells.
Aiming: Magic Dart
Press: ? - help, Shift-Dir - straight line, f/p - orc wizard
Aim: an orc wizard, wielding a dagger and wearing a robe (severely wounded, fast)
The magic dart hits the orc wizard.
The orc wizard is almost dead.
The orc wizard closely misses you.
You barely miss the orc wizard.
Your tail-slap misses the orc wizard.
The orc wizard is almost dead.
The orc wizard hits you with a dagger.
* * * LOW HITPOINT WARNING * * *
The orc wizard gestures at you while chanting.
The puff of flame hits you!
You die...

.# #.# #.#.########...###.###..
.#####.###.#.# #######.## #.# #..
...........#.###.......# #.# #..
#..###.##...#.......##.# #.# #..
#..# #.##..#.###.##.##.# #.# #..
#..# #.##.##...........# #.# #..
#..# #.##.##.###.##.##.####.###..
#..# #.......# #o##..............
#..# ####.#### #@...>..###.#####.
#..######.# ######### #.###...
........#.# ######.##....
#######.#.###########............
#............##.####.##...#
###..........##.# #.###.##
#..........##.# #.# #.#
#########..........##.# #<# #.#
...................##.####.###.#


You could see an orc wizard.

Vanquished Creatures
  5 adders (D:2)
  An ooze (D:2)
  A worm (D:2)
  2 dart slugs (D:1)
  A leopard gecko (D:1)
  2 orcs (D:3)
  3 goblins
  9 hobgoblins
  2 jackals (D:2)
  4 bats
  5 frilled lizards (D:1)
  2 kobolds
  6 rats
43 creatures vanquished.

Notes
Turn   | Place    | Note
-------+----------+-------------------------------------------
     0 | D:1      | Mirai the Draconian Conjurer began the quest for the Orb.
     0 | D:1      | Reached XP level 1. HP: 14/14 MP: 3/3
   182 | D:1      | Reached XP level 2. HP: 6/20 MP: 0/5
  1075 | D:2      | Reached XP level 3. HP: 26/27 MP: 6/6
  1191 | D:2      | Noticed Sigmund
  1470 | D:2      | Learned a level 2 spell: Searing Ray
  1497 | D:2      | Reached skill level 1 in Short Blades
  1657 | D:2      | Reached XP level 4. HP: 21/34 MP: 4/7
  1913 | D:2      | Learned a level 4 spell: Iskenderun's Mystic Blast
  2220 | D:3      | Found a shadowy altar of Dithmenos.
  2274 | D:3      | Found a sparkling altar of Nemelex Xobeh.
  2277 | D:3      | Reached skill level 1 in Fighting
  2340 | D:2      | HP: 1/35 [orc wizard/dagger (3)]
  2340 | D:2      | Killed from afar by an orc wizard

Skill      XL: |  1  2  3  4 |
---------------+-------------+-----
Stealth        | 2 |  2.0
Short Blades   | 1 |  1.4
Dodging        | 2 |  2.4
Fighting       | 1 |  1.0
Spellcasting   | |  2.5
Conjurations   | |  4.6

Action                   |  1- 3 |  4- 6 || total
-------------------------+-------+-------++-------
Melee: Short sword       |    83 |    27 ||   110
       Unarmed           |     5 |       ||     5
       Tailslap          |     4 |     4 ||     8
 Cast: Magic Dart        |    22 |    21 ||    43
       Searing Ray       |       |     1 ||     1
 Stab: Sleeping          |     3 |       ||     3
  Eat: Chunk             |     3 |     2 ||     5
Armor: Skin              |    17 |    13 ||    30
Dodge: Dodged            |    54 |    17 ||    71
Block: Other             |    22 |     6 ||    28
       Reflection        |     1 |       ||     1
